cohdb
Replays
Latest Replays
All Replays
Popular Replays
Top Player Replays
Match Explorer
How It Works
Community
CoH3 Stats
Reddit
Sign in to upload your games and track your stats! →
Sign in with Steam
Match 43416145
Unlisted
Match 43416145
Overview
Messages
Build Orders
End
Selects Special Operations Battlegroup
Selects M29 Weasel Recon Vehicle
M29 Weasel Recon Vehicle
Engineer Squad
Engineer Squad
M29 Weasel Recon Vehicle
Mechanized Support Center
Construct Weapon Support Center
Engineer Squad
Selects Smoke Screen
Selects Smoke Screen
Smoke Screen
Selects SSF Commando Squad
SSF Commando Squad
SSF Commando Squad
!!!!!!!!!!!!
T.O.N.G
Dominik
beniu
0
0
Comments
sign in to comment!
No comments posted yet!